 Dungeon Crawl Stone Soup version 0.17.1-3-g152610e (webtiles) character file.

5194 manyhoops the Thaumaturge (level 10, -3/50 HPs)
             Began as a Deep Elf Air Elementalist on Apr 9, 2016.
             Was an Initiate of Sif Muna.
             Hit by a tomahawk thrown by an orc warrior (16 damage)
             ... on level 2 of the Orcish Mines.
             The game lasted 00:55:50 (12136 turns).

manyhoops the Thaumaturge (DEAE)                   Turns: 12136, Time: 00:55:51

Health: -3/50      AC: 10    Str:  5    XL:     10   Next: 34%
Magic:  4/25       EV:  8    Int: 24    God:    Sif Muna [......]
Gold:   573        SH:  0    Dex: 15    Spells: 8 memorised, 2 levels left

rFire  . . .     SeeInvis .     u - +1 dagger (protect)
rCold  + . .     Clarity  .     O - +0 robe {rC+}
rNeg   . . .     SustAt   .     (no shield)
rPois  .         Gourm    .     (no helmet)
rElec  .         Spirit   .     R - +0 cloak
rCorr  .         Warding  .     (no gloves)
rMut   .         Stasis   .     w - +1 pair of boots
MR     +....                    (no amulet)
Stlth  ++++......               (no ring)
                                (no ring)

@: repel missiles, somewhat resistant to hostile enchantments, stealthy
A: no striking features
a: Renounce Religion


You were on level 2 of the Orcish Mines.
You worshipped Sif Muna.
Sif Muna was noncommittal.
You were not hungry.

You visited 3 branches of the dungeon, and saw 12 of its levels.

You collected 573 gold pieces.

Inventory:

Hand Weapons
 u - a +1 dagger of protection (weapon)
Missiles
 m - 7 poisoned tomahawks (quivered)
Armour
 a - a +0 robe
 e - the +4 shield of Weowoluje {+Inv rN+ MR+}
   (You found it on level 6 of the Dungeon)

   It protects you from negative energy.
   It affects your resistance to hostile enchantments.
   It lets you turn invisible.
 w - a +1 pair of boots (worn)
 O - a +0 robe of cold resistance (worn)
 R - a +0 cloak (worn)
Wands
 s - a wand of flame (2)
 z - a wand of flame (13)
 B - a wand of magic darts (23)
 C - a wand of teleportation (1)
 I - a wand of enslavement (8)
 L - a wand of lightning (2)
Scrolls
 j - 3 scrolls of amnesia
 k - a scroll of immolation
 l - a scroll of random uselessness
 q - 4 scrolls of teleportation
 y - 5 scrolls of identify
 A - a scroll of magic mapping
 F - 5 scrolls of remove curse {unknown}
 H - a scroll of fear
 J - a scroll of noise
 N - a scroll of enchant armour {unknown}
Potions
 d - a potion of invisibility {unknown}
 f - 3 potions of lignification
 g - 3 potions of might
 h - 7 potions of curing
 n - 3 potions of haste {unknown}
 p - a potion of heal wounds {unknown}
 v - 3 potions of degeneration {unknown}
 D - 3 potions of flight {unknown}
 E - a potion of ambrosia {unknown}
 G - a potion of cancellation {unknown}
 S - a potion of poison {unknown}
Books
 b - a book of Air

   Spells                             Type                      Level
   a - Shock                          Conjuration/Air              1
   b - Swiftness                      Charms/Air                   2
   c - Repel Missiles                 Charms/Air                   2
   d - Static Discharge               Conjuration/Air              3
   e - Lightning Bolt                 Conjuration/Air              5
 t - a book of Conjurations

   Spells                             Type                      Level
   a - Magic Dart                     Conjuration                  1
   b - Searing Ray                    Conjuration                  2
   c - Dazzling Spray                 Conjuration/Hexes            3
   d - Fulminant Prism                Conjuration/Hexes            4
   e - Iskenderun's Mystic Blast      Conjuration                  4
   f - Iskenderun's Battlesphere      Conjuration/Charms           5
 x - a book of Envenomations

   Spells                             Type                      Level
   a - Spider Form                    Transmutation/Poison         3
   b - Alistair's Intoxication        Transmutation/Poison         4
   c - Olgreb's Toxic Radiance        Poison                       4
   d - Poisonous Cloud                Conjuration/Poison/Air       6
 M - a book of the Tempests

   Spells                             Type                      Level
   a - Static Discharge               Conjuration/Air              3
   b - Lightning Bolt                 Conjuration/Air              5
   c - Fireball                       Conjuration/Fire             5
   d - Tornado                        Air                          9
   e - Shatter                        Earth                        9
Comestibles
 c - 4 bread rations
 i - 8 fruits
 o - 6 meat rations
 r - a royal jelly
 K - a slice of pizza
 P - a beef jerky


   Skills:
 - Level 2.4 Dodging
 - Level 6.7 Stealth
 - Level 9.2 Spellcasting
 - Level 8.9 Conjurations
 - Level 8.2 Charms
 * Level 5.7 Fire Magic
 - Level 7.1 Air Magic


You had 2 spell levels left.
You knew the following spells:

 Your Spells              Type           Power        Failure   Level  Hunger
a - Shock                 Conj/Air       ####         1%          1    None
b - Swiftness             Chrm/Air       #####...     1%          2    None
c - Static Discharge      Conj/Air       #####...     1%          3    None
d - Repel Missiles        Chrm/Air       #####.       1%          2    None
e - Searing Ray           Conj           ######       1%          2    None
f - Fireball              Conj/Fire      #####.....   10%         5    ####...
g - Lightning Bolt        Conj/Air       #####.....   8%          5    ####...
h - Iskenderun's Battles  Conj/Chrm      ######..     6%          5    ####...


Dungeon Overview and Level Annotations

Branches:
Dungeon (9/15)             Temple (1/1) D:6             Orc (2/4) D:9
   Lair: D:8-11

Altars:
Ashenzari
Cheibriados
Dithmenos
Elyvilon
Fedhas
Gozag
Kikubaaqudgha
Makhleb
Nemelex Xobeh
Okawaru
Qazlal
Ru
Sif Muna
Trog
Vehumet
Xom
Yredelemnul
Zin
The Shining One
Beogh

Annotations:
D:3 Purgy


Message History

The lightning arcs!
The orc is struck by lightning.
The orc is moderately wounded.
The lightning grounds out.
The orc warrior throws a tomahawk.
The tomahawk hits you. The orc hits you with a mace.
Unknown command.
Casting: Static Discharge
Confirm with . or Enter, or press ? or * to list all spells.
The orc is struck by lightning.
You kill the orc!
The lightning arcs!
You are struck by lightning.
The lightning grounds out.
The orc is struck by lightning.
You kill the orc!
The lightning arcs!
You are struck by lightning.
The lightning arcs!
The orc warrior throws a tomahawk.
The tomahawk hits you!
* * * LOW HITPOINT WARNING * * *
Casting: Static Discharge
Confirm with . or Enter, or press ? or * to list all spells.
You don't know that spell.
The orc warrior throws a tomahawk.
The tomahawk hits you!
You die...

......# ##
#......#.##
##.....#... #
#.........##..
#....$.......
#............
#..........$
#.)@>.o....
.......)o......
.....).........
.....).).^....o
.....).).....#.
..o..........#
.............$.
....#...##.....


You could see an orc warrior, an orc wizard and 2 orcs.

Vanquished Creatures
  An ugly thing (D:7)
  A troll (D:9)
  A two-headed ogre (D:8)
  Sigmund (D:6)
  A spriggan (D:9)
  2 hippogriffs (D:9)
  A yak (D:9)
  5 orc warriors
  A wasp (D:9)
  A water moccasin (D:8)
  2 ice beasts
  A black bear (D:8)
  2 necrophages (D:6)
  2 ogres
  3 centaurs
  4 giant frogs
  6 killer bees (D:9)
  A scorpion (D:9)
  5 wights (D:9)
  3 crimson imps
  2 centaur zombies
  3 jellies
  3 hounds
  A quasit (D:9)
  2 iguanas
  13 orc wizards
  9 orc priests
  5 worker ants
  A hound skeleton (D:9)
  8 adders
  3 gnolls (D:3)
  A shadow imp (D:5)
  4 adder zombies
  An adder skeleton (D:9)
  6 worms
  60 orcs
  4 giant cockroaches
  8 goblins
  3 hobgoblins
  9 jackals
  7 kobolds
  3 quokkas
  10 bats
  A giant cockroach zombie (D:6)
  5 giant geckos
  6 giant newts
  A quokka zombie (D:8)
  18 rats
241 creatures vanquished.

Notes
Turn   | Place    | Note
--------------------------------------------------------------
     0 | D:1      | manyhoops the Deep Elf Air Elementalist began the quest for the Orb.
     0 | D:1      | Reached XP level 1. HP: 10/10 MP: 6/6
   164 | D:1      | Reached XP level 2. HP: 15/15 MP: 1/8
   694 | D:1      | You fall through a shaft!
   837 | D:2      | Reached skill level 4 in Spellcasting
   839 | D:2      | Reached XP level 3. HP: 17/19 MP: 0/10
   935 | D:2      | Learned a level 2 spell: Swiftness
   942 | D:2      | Learned a level 3 spell: Static Discharge
   945 | D:2      | Learned a level 2 spell: Repel Missiles
  2091 | D:3      | Found a faded altar to an unknown god.
  2116 | D:3      | Reached XP level 4. HP: 11/24 MP: 0/12
  2283 | D:3      | Reached skill level 5 in Spellcasting
  2331 | D:3      | Learned a level 2 spell: Searing Ray
  2385 | D:3      | Learned a level 1 spell: Magic Dart
  2565 | D:3      | Noticed Purgy
  3540 | D:4      | Noticed an ogre
  3573 | D:4      | Killed an ogre
  3573 | D:4      | Reached skill level 6 in Spellcasting
  3573 | D:4      | Reached XP level 5. HP: 25/28 MP: 3/15
  3584 | D:4      | Learned a level 5 spell: Lightning Bolt
  3860 | D:4      | Found an ancient bone altar of Kikubaaqudgha.
  3889 | D:4      | Reached XP level 6. HP: 32/32 MP: 7/17
  4289 | D:5      | Entered Level 5 of the Dungeon
  4412 | D:5      | Reached skill level 5 in Conjurations
  4935 | D:5      | Reached XP level 7. HP: 36/36 MP: 4/18
  5780 | D:6      | Reached skill level 5 in Air Magic
  5900 | D:6      | Noticed Sigmund
  6226 | D:6      | Got a polished plate armour
  6247 | D:6      | Identified the +3 plate armour of Honesty {rElec rPois Str-4} (You found it on level 6 of the Dungeon)
  6317 | D:6      | Reached skill level 7 in Conjurations
  6317 | D:6      | Reached XP level 8. HP: 38/41 MP: 2/19
  6508 | D:6      | Got a faintly glowing shield
  6514 | D:6      | Identified the +4 shield of Weowoluje {+Inv rN+ MR+} (You found it on level 6 of the Dungeon)
  6792 | D:6      | Killed Sigmund
  6906 | D:6      | Reached skill level 8 in Conjurations
  7147 | D:6      | Found a staircase to the Ecumenical Temple.
  7322 | D:7      | Noticed a purple ugly thing
  7327 | D:7      | Killed a purple ugly thing
  7472 | D:7      | Reached XP level 9. HP: 45/45 MP: 15/22
  7616 | D:7      | Learned a level 5 spell: Iskenderun's Battlesphere
 10016 | D:9      | Reached skill level 9 in Spellcasting
 10200 | D:9      | Reached skill level 5 in Stealth
 10478 | D:9      | Reached XP level 10. HP: 41/50 MP: 3/25
 10482 | D:9      | Found a bloodstained altar of Trog.
 10590 | D:9      | Learned a level 5 spell: Fireball
 10619 | D:9      | Reached skill level 1 in Fire Magic
 10815 | D:9      | Got a fine ring mail
 10826 | D:9      | Identified the +2 ring mail of Coklub {rC+ Int+2 Slay-5} (You found it on level 9 of the Dungeon)
 11124 | D:9      | Found a staircase to the Orcish Mines.
 11300 | D:9      | Reached skill level 5 in Fire Magic
 11301 | D:9      | Found a roughly hewn altar of Beogh.
 11530 | Temple   | Entered the Ecumenical Temple
 11675 | Temple   | Became a worshipper of Sif Muna the Loreminder
 11823 | Orc:1    | Entered Level 1 of the Orcish Mines
 12136 | Orc:2    | Hit by a tomahawk thrown by an orc warrior

Action                   |  1- 3 |  4- 6 |  7- 9 | 10-12 || total
-------------------------+-------+-------+-------+-------++-------
Melee: Unarmed           |     3 |       |       |       ||     3
       Dagger            |       |     4 |    12 |     8 ||    24
Throw: Tomahawk          |       |     1 |       |       ||     1
 Cast: Shock             |    94 |   142 |   140 |    65 ||   441
       Static Discharge  |     1 |    15 |    45 |     8 ||    69
       Magic Dart        |       |     5 |       |       ||     5
       Searing Ray       |       |     5 |       |       ||     5
       Swiftness         |       |     1 |     1 |       ||     2
       Repel Missiles    |       |       |     1 |       ||     1
       Lightning Bolt    |       |       |    26 |     6 ||    32
       Iskenderun's Batt |       |       |     4 |    11 ||    15
       Fireball          |       |       |       |     2 ||     2
Evoke: Wand              |       |     3 |     4 |       ||     7
  Use: Scroll            |     5 |     4 |     5 |       ||    14
       Potion            |     1 |     1 |     1 |       ||     3
 Stab: Distracted        |       |       |     1 |       ||     1
  Eat: Chunk             |     3 |     1 |    13 |     1 ||    18
       Fruit             |     1 |       |       |       ||     1
       Bread ration      |       |     2 |     2 |     2 ||     6
